 Dungeon Crawl Stone Soup version 0.27-a0-1051-g288ea87c7c (webtiles) character file.

Game seed: 11383640026888524604

1887 sizableburger the Skirmisher (level 8, -2/62 HPs)
             Began as a Mummy Hunter on Apr 20, 2021.
             Was a Believer of Okawaru.
             Slain by a two-headed ogre
             ... wielding a +0 giant club
              (10 damage)
             ... on level 7 of the Dungeon.
             The game lasted 00:33:55 (11004 turns).

sizableburger the Skirmisher (Mummy Hunter)        Turns: 11004, Time: 00:33:55

Health: -2/62      AC: 13    Str: 21    XL:     8   Next: 92%
Magic:  10/10      EV: 12    Int: 11    God:    Okawaru [**....]
Gold:   260        SH:  0    Dex: 13    Spells: 5/7 levels left

rFire    x . .     SeeInvis .   h - +0 dagger
rCold    + . .     Faith    .   (no shield)
rNeg     + + +     Spirit   .   y - +0 chain mail
rPois    ∞         Reflect  .   p - +0 helmet
rElec    .         Harm     .   (no cloak)
rCorr    +         Rampage  .   o - +0 pair of gloves
Will     +....                  j - +1 pair of boots of True Grit {Str+5}
Stlth    ..........             (no amulet)
HPRegen  0.20/turn              u - +4 ring of evasion
MPRegen  0.12/turn              e - ring of resist corrosion

@: no status effects
A: cold resistance 1, negative energy resistance 3, torment resistance 2,
unbreathing 1, heat vulnerability 1, no potions
a: Renounce Religion, Heroism


You were on level 7 of the Dungeon.
You worshipped Okawaru.
Okawaru was pleased with you.
You visited 2 branches of the dungeon, and saw 8 of its levels.

You collected 260 gold pieces.

Inventory:

Hand Weapons
 d - a +0 hunting sling
 h - a +0 dagger (weapon)
Missiles
 c - 4 javelins
 g - 9 sling bullets
 l - 144 stones
 m - 32 poisoned darts (quivered)
Armour
 a - a +2 leather armour of fire resistance
 b - +0 steam dragon scales
 j - the +1 pair of boots of True Grit (worn) {Str+5}
   (You acquired it on level 4 of the Dungeon)

   It affects your strength (+5).
 o - a +0 pair of gloves (worn)
 p - a +0 helmet (worn)
 y - a +0 chain mail (worn)
Jewellery
 e - a ring of resist corrosion (right hand)
 u - a +4 ring of evasion (left hand)
Wands
 r - a wand of flame (7)
 v - a wand of charming (8)
 w - a wand of iceblast (8)
Scrolls
 f - a scroll of torment
 i - 2 scrolls of fog
 k - a scroll of noise
 n - a scroll of amnesia
 q - a scroll of silence
 s - 2 scrolls of enchant weapon
 t - a scroll of summoning


   Skills:
 - Level 5.2 Fighting
 + Level 4.3 Short Blades
 - Level 2.0(3.6) Slings
 - Level 4.7(5.0) Throwing
 + Level 2.6 Armour
 - Level 1.5 Dodging
 - Level 0.7 Stealth
 - Level 4.0 Summonings
 + Level 3.5 Invocations


You had 5 spell levels left.
You knew the following spells:

 Your Spells              Type           Power      Damage    Failure   Level
a - Call Imp              Summ           8%         N/A       71%         2

Your spell library contained the following spells:

 Spells                   Type           Power      Damage    Failure   Level
 Summon Small Mammal      Summ           32%        N/A       56%         1
 Call Canine Familiar     Summ           8%         N/A       90%         3
 Freeze                   Ice            0%         1d3       98%         1
 Summon Guardian Golem    Hex/Summ       4%         N/A       99%         3
 Frozen Ramparts          Ice            0%         1d2       100%        3
 Ozocubu's Armour         Ice            0%         N/A       100%        3
 Hailstorm                Conj/Ice       0%         3d3       100%        4
 Summon Ice Beast         Ice/Summ       4%         N/A       100%        4
 Summon Lightning Spire   Summ/Air       4%         N/A       100%        4
 Metabolic Englaciation   Hex/Ice        0%         N/A       100%        5


Dungeon Overview and Level Annotations

Branches:
Dungeon (7/15)             Temple (1/1) D:4

Altars:
Dithmenos
Elyvilon
Fedhas
Gozag
Hepliaklqana
Nemelex Xobeh
Okawaru
Qazlal
Ru
Uskayaw
Wu Jian
Yredelemnul


Innate Abilities, Weirdness & Mutations

You are immune to poison.
Your flesh is cold resistant. (rC+)
You are immune to negative energy. (rN+++)
You are immune to unholy pain and torment.
You can survive without breathing.
You are vulnerable to heat. (rF-)
You do not drink.


Message History

The two-headed ogre is moderately wounded.
Fire: 11 sling bullets
Press: ? - help, Q - select action, (/) - cycle Shift-Dir - straight line, f/p - two-headed ogre
Aim: a two-headed ogre, wielding a +0 giant club and a +0 giant spiked club (moderately wounded, extremely poisoned, 75% to hit)
You shoot a sling bullet.
The sling bullet hits the two-headed ogre.
The two-headed ogre is heavily wounded.
Fire: 10 sling bullets
Press: ? - help, Q - select action, (/) - cycle Shift-Dir - straight line, f/p - two-headed ogre
Aim: a two-headed ogre, wielding a +0 giant club and a +0 giant spiked club (heavily wounded, very poisoned, 74% to hit)
You shoot a sling bullet.
The sling bullet hits the two-headed ogre but does no damage.
The two-headed ogre is heavily wounded.
h - a +0 dagger (weapon)
The two-headed ogre hits you with a +0 giant club!!
The two-headed ogre barely misses you.
There is a stone staircase leading up here.
Press: ? - help, v - describe, . - travel The floor.
The two-headed ogre hits you with a +0 giant club!!
* * * LOW HITPOINT WARNING * * *
The two-headed ogre misses you.
Okay, then.
Okay, then.
Aiming: Charm
Press: ? - help, Shift-Dir - straight line, f/p - two-headed ogre
Aim: a two-headed ogre, wielding a +0 giant club and a +0 giant spiked club (heavily wounded, very poisoned, chance to affect: 28%)
Okay, then.
Aiming: Iceblast
Press: ? - help, Shift-Dir - straight line, f/p - two-headed ogre
Aim: a two-headed ogre, wielding a +0 giant club and a +0 giant spiked club (heavily wounded, very poisoned)
Okay, then.
As you read the scroll of summoning, it crumbles to dust.
Wisps of shadow whirl around you...
Okay, then.
Really read the scroll of torment near your ally the sky beast and jelly?
This attack would place you under penance!
Okay, then.
The two-headed ogre barely misses you.
The two-headed ogre hits you with a +0 giant spiked club!
You die...

...............
...............
.............((
............(..
....<...)......
.........((....
##'### +<5J.#
#..Y@# #..O.#
######
#........ ....
#....((..


You could see a two-headed ogre (very poisoned, ally target), a friendly sky
beast (summoned), a friendly jelly (summoned) and a friendly white imp
(summoned).

Vanquished Creatures
  Sigmund (D:2)
  A steam dragon (D:6)
  Edmund (D:4)
  A water moccasin (D:6)
  A sky beast (D:5)
  A necrophage (D:5)
  2 ogres
  A centaur (D:4)
  2 bullfrogs (D:6)
  2 scorpions (D:6)
  4 wights
  2 bullfrog skeletons
  2 jellies
  A hound (D:5)
  2 iguanas (D:5)
  2 orc wizards
  4 gnolls (D:4)
  A howler monkey skeleton (D:6)
  13 adders
  A shadow imp (D:6)
  A white imp (D:7)
  An adder skeleton (D:4)
  4 dart slugs
  9 orcs
  8 ball pythons
  6 endoplasms
  5 giant cockroaches
  6 goblins
  10 hobgoblins
  11 jackals
  3 kobolds
  4 quokkas
  7 bats
  9 frilled lizards
  6 rats
135 creatures vanquished.

Vanquished Creatures (collateral kills)
  A jelly (D:5)
1 creature vanquished.

Vanquished Creatures (others)
  40 plants
40 creatures vanquished.

Grand Total: 176 creatures vanquished

Notes
Turn   | Place    | Note
-------+----------+-------------------------------------------
     0 | D:1      | sizableburger the Mummy Hunter began the quest for the Orb.
     0 | D:1      | Reached XP level 1. HP: 16/16 MP: 1/1
   297 | D:1      | Reached XP level 2. HP: 16/22 MP: 2/2
   414 | D:1      | Reached skill level 1 in Short Blades
   541 | D:1      | Found a faded altar of an unknown god.
   615 | D:1      | Reached XP level 3. HP: 27/28 MP: 3/3
   970 | D:2      | Noticed Sigmund
  1911 | D:2      | Reached XP level 4. HP: 28/34 MP: 4/4
  2039 | D:1      | Reached skill level 3 in Fighting
  2297 | D:3      | Found a shadowy altar of Dithmenos.
  3411 | D:3      | Reached XP level 5. HP: 18/41 MP: 5/5
  4100 | D:4      | Identified a scroll of acquirement
  4100 | D:4      | Acquired the +1 pair of boots of True Grit {Str+5}
  4133 | D:4      | Found a staircase to the Ecumenical Temple.
  4143 | Temple   | Entered the Ecumenical Temple
  4225 | Temple   | Became a worshipper of Warmaster Okawaru
  4307 | D:4      | Noticed a centaur
  4480 | D:4      | Killed a centaur
  4481 | D:4      | Reached skill level 1 in Slings
  4722 | D:4      | Learned a level 2 spell: Call Imp
  4833 | D:4      | Reached XP level 6. HP: 43/48 MP: 6/6
  5015 | D:4      | Reached skill level 4 in Fighting
  5187 | D:4      | Found a stormy altar of Qazlal.
  5239 | D:4      | Noticed Edmund
  5820 | D:4      | Found a hide-covered altar of Uskayaw.
  5825 | D:4      | Found an ornate altar of the Wu Jian Council.
  5913 | D:4      | Killed Edmund
  5914 | D:4      | Reached skill level 1 in Summonings
  6139 | D:5      | Entered Level 5 of the Dungeon
  6180 | D:5      | Found a blossoming altar of Fedhas.
  6560 | D:5      | Reached XP level 7. HP: 44/55 MP: 7/7
  6676 | D:5      | Reached * piety under Okawaru
  6788 | D:5      | Found a hazy altar of Hepliaklqana.
  7579 | D:5      | Reached skill level 5 in Fighting
  7579 | D:5      | Reached skill level 1 in Invocations
  8298 | D:6      | Reached XP level 8. HP: 61/62 MP: 9/9
  8354 | D:6      | Found a sparkling altar of Nemelex Xobeh.
  8386 | D:6      | Reached skill level 1 in Armour
  8748 | D:6      | Reached ** piety under Okawaru
  9979 | D:7      | Noticed a cyclops
 10279 | D:2      | Killed Sigmund
 10989 | D:7      | Noticed a two-headed ogre
 11004 | D:7      | Slain by a two-headed ogre

Illustrated notes

Levels and vault maps discovered:
D:1:      evilmike_arrival_plus, layout_loops_ring,
          shapermc_ecumenical_altar_starsandcircs, corexii_corridor_pit,
          minmay_misc_feat_square
D:2:      layout_rooms, uniq_sigmund
D:3:      layout_loops_ring, marbit_many_paths, serial_bayou,
          serial_bayou_pond_c, serial_bayou_pond_e, serial_bayou_pond_d,
          serial_bayou_lake_a
D:4:      layout_loops_cross, lemuel_doored_altar,
          amethyst_overflow_temple_binary, minmay_temple_entry_drinking_statues,
          kennysheep_dice, uniq_edmund
D:5:      layout_basic, lemuel_tele_altar, overflow_temple_1_default,
          minmay_strange_pillars, serial_bayou_pond_c, corexii_checkpoint_a
D:6:      layout_loops_corners, nemelex_xobeh_ov_fountains_minmay
D:7:      layout_gridville, overflow_temple_1_default, enter_bailey_5,
          skrybe_limestone_x, uniq_harold
Temple:   minmay_temple_curvy_loop

Skill      XL: |  1  2  3  4  5  6  7  8 |
---------------+-------------------------+-----
Short Blades   | 1 2 3 4 |  4.3
Fighting       | 3 4 5 |  5.2
Throwing       | 4 |  4.7
Slings         | 1 2 |  2.0
Summonings     | 1 2 4 |  4.0
Invocations    | 1 3 |  3.5
Armour         | 2 |  2.6
Dodging        | |  1.5
Stealth        | |  0.7

Action                   |  1- 3 |  4- 6 |  7- 9 || total
-------------------------+-------+-------+-------++-------
Melee: Short sword       |    79 |       |       ||    79
       Dagger            |    26 |   234 |   285 ||   545
 Fire: Hunting sling     |       |    46 |    40 ||    86
Throw: Javelin           |    15 |    12 |     9 ||    36
       Throwing net      |     3 |     2 |       ||     5
       Dart              |       |     8 |    41 ||    49
 Cast: Call Imp          |       |     2 |     1 ||     3
Invok: Heroism           |       |       |     1 ||     1
  Use: Scroll            |       |     6 |     6 ||    12
 Stab: Held in net/web   |     1 |     1 |       ||     2
       Sleeping          |       |     1 |       ||     1
Armor: Leather armour    |    32 |   104 |    87 ||   223
       Chain mail        |       |       |     1 ||     1
Dodge: Dodged            |    90 |   178 |   200 ||   468

Table legend: (Time is in decaauts)
 A = Elapsed time spent in this place.
 B = Non-inter-level travel time spent in this place.
 C = Inter-level travel time spent in this place.
 D = Time resting spent in this place.
 E = Time spent auto-exploring this place.
 F = Levels seen in this place.
 G = Mean time per level.
                   A        B        C        D        E       F      G
               +--------+--------+--------+--------+--------+-----+--------+
         Total |  10997 |   9923 |   1074 |   3397 |   4248 |   8 | 1374.6 |
       Dungeon |  10856 |   9806 |   1050 |   3397 |   4141 |   7 | 1550.9 |
        Temple |    140 |    116 |     24 |      0 |    107 |   1 |  140.0 |
               +--------+--------+--------+--------+--------+-----+--------+

Top non-repeatable levels by time:
     D:5: 2340 daAuts
     D:3: 2266 daAuts
     D:4: 1937 daAuts
     D:1: 1799 daAuts
     D:6: 1580 daAuts
     D:2: 832 daAuts
  Temple: 140 daAuts
     D:7: 100 daAuts
